 Dungeon Crawl Stone Soup version 0.30.1-9-gdf580d7c3d (webtiles) character file.

Game seed: 4786753334639882903

129 bearlyready the Cudgeller (level 5, 0/43 HPs)
             Began as a Gnoll Reaver on Oct 14, 2023.
             Slain by an orc
             ... wielding a +0 flail
              (7 damage)
             ... on level 3 of the Dungeon.
             The game lasted 00:01:59 (1735 turns).

bearlyready the Cudgeller (Gnoll Reaver)            Turns: 1735, Time: 00:01:59

Health: 0/43       AC:  3    Str: 12    XL:     5   Next: 12%
Magic:  12/12      EV: 12    Int: 14    God:
Gold:   24         SH:  0    Dex: 10    Spells: 11/14 levels left

rFire   . . .        d - +1 dagger (venom)
rCold   . . .        (no shield)
rNeg    . . .        b - +0 leather armour
rPois   .            (no helmet)
rElec   .            (no cloak)
rCorr   .            (no gloves)
SInv    .            (no boots)
Will    .....        (no amulet)
Stlth   +            (no ring)
HPRegen 0.27/turn    (no ring)
MPRegen 0.13/turn

%: no passive effects
@: no status effects
A: fangs 1, strong nose, distributed training
a: no special abilities


You were on level 3 of the Dungeon.
You visited 1 branch of the dungeon, and saw 4 of its levels.

You collected 90 gold pieces.
You spent 66 gold pieces at shops.

Inventory:

Hand Weapons
 a - a +0 mace
 d - a +1 dagger of venom (weapon)
Missiles
 k - 7 poisoned darts (quivered)
Armour
 b - a +0 leather armour (worn)
Scrolls
 g - a scroll of immolation {unknown}
 i - 2 scrolls of noise
 l - a scroll of fear
 m - a scroll of brand weapon {unknown}
 n - 2 scrolls of identify {unknown}
Potions
 c - 3 potions of attraction {unknown}
 e - a potion of berserk rage {unknown}
 f - 5 potions of curing {unknown}
 h - a potion of flight {unknown}
 j - 3 potions of degeneration {unknown}


   Skills:
 + Level 4.7 Fighting
 + Level 1.4 Short Blades
 + Level 1.4 Long Blades
 + Level 1.4 Axes
 + Level 6.7 Maces & Flails
 + Level 1.4 Polearms
 + Level 1.4 Staves
 + Level 1.4 Ranged Weapons
 + Level 1.4 Throwing
 + Level 1.4 Armour
 + Level 4.7 Dodging
 + Level 1.4 Stealth
 + Level 1.4 Shields
 + Level 1.4 Unarmed Combat
 + Level 5.2 Spellcasting
 + Level 5.5 Conjurations
 + Level 1.1 Hexes
 + Level 1.1 Summonings
 + Level 1.1 Necromancy
 + Level 1.1 Translocations
 + Level 1.1 Transmutations
 + Level 1.1 Fire Magic
 + Level 1.1 Ice Magic
 + Level 1.1 Air Magic
 + Level 1.1 Earth Magic
 + Level 1.1 Poison Magic
 + Level 1.6 Invocations
 + Level 1.4 Evocations


You had 11 spell levels left.
You knew the following spells:

 Your Spells              Type           Power      Damage    Failure   Level
a - Kiss of Death         Conj/Necr      52%        2d9       5%          1
b - Momentum Strike       Conj/Tloc      26%        3d8       9%          2

Your spell library contained the following spells:

 Spells                   Type           Power      Damage    Failure   Level
 Hailstorm                Conj/Ice       13%        3d5       17%         3


Dungeon Overview and Level Annotations

Branches:
Dungeon (4/15)
 Temple: D:4-7

Altars:

Shops:
D:2 **[


Innate Abilities, Weirdness & Mutations

You have very sharp teeth.
Your uncanny sense of smell can sniff out nearby items.
Your experience applies equally to all skills.


Message History

The orc hits you with a +0 flail. The orc hits you with a +0 dagger.
A giant cockroach comes into view.
You barely miss the orc. The orc hits you with a +0 dagger.
The orc closely misses you.
You hit the orc.
The orc is poisoned.
The orc is moderately wounded.
The orc closely misses you. x2; The orc barely misses you.
You hit the orc.
The orc looks as sick as possible!
The orc is severely wounded.
You kill the orc!
The orc hits you with a +0 dagger. The orc hits you but does no damage.
You hit the orc priest but do no damage.
The orc priest looks even sicker.
The orc priest is almost dead.
The orc completely misses you.
The orc priest calls down the wrath of Beogh upon you.
Beogh smites you! The orc hits you but does no damage.
You are too injured to fight recklessly!
You are too injured to fight recklessly!
You are too injured to fight recklessly!
You are too injured to fight recklessly!
You are too injured to fight recklessly!
You are too injured to fight recklessly!
You are too injured to fight recklessly!
You are too injured to fight recklessly!
You are too injured to fight recklessly!
You are too injured to fight recklessly!
You are too injured to fight recklessly!
You are too injured to fight recklessly!
You are too injured to fight recklessly!
You closely miss the orc priest.
The orc priest is almost dead.
You kill the orc priest!
The orc hits you but does no damage. The orc hits you with a +0 flail!
You have reached level 5!
The orc attacks as you move away! The orc barely misses you.
The orc hits you with a +0 flail!
* * * LOW HITPOINT WARNING * * *
The orc attacks as you move away! The orc hits you with a +0 flail!
You die...

...# #### .#.#
.#.# . ...#..
..... ∆ ...
####B# #.oo.#
#@#).# #.#..#
#.#..#
######.#.>#
#....#.#..#
#.##.#....#
#.#....#.######
##........#..).#
∆
#...#...###.##.#


You could see 2 orcs and a giant cockroach.

Vanquished Creatures
  An orc priest (D:3)
  Natasha (twice) (D:3)
  An adder (D:2)
  A worm (D:2)
  An orc (D:3)
  3 bats (D:1)
  2 endoplasms
  A giant cockroach (D:2)
  5 goblins
  2 hobgoblins (D:1)
  3 jackals (D:1)
  A quokka (D:2)
  6 ball pythons
  6 frilled lizards
  4 kobolds
  2 rats
41 creatures vanquished.

Notes
Turn   | Place    | Note
-------+----------+-------------------------------------------
     0 | D:1      | bearlyready the Gnoll Reaver began the quest for the Orb.
     0 | D:1      | Reached XP level 1. HP: 20/20 MP: 6/6
   203 | D:1      | Reached XP level 2. HP: 26/26 MP: 7/7
   508 | D:1      | Reached skill level 5 in Spellcasting
   508 | D:1      | Reached XP level 3. HP: 31/31 MP: 7/9
   511 | D:1      | Learned a level 2 spell: Momentum Strike
   812 | D:2      | Reached skill level 1 in Invocations
   900 | D:2      | You fall into a shaft and drop 2 floors!
  1046 | D:2      | Found Adaud's General Store.
  1050 | D:2      | Bought a scroll of noise for 14 gold pieces
  1077 | D:2      | Found Afroifom's General Store.
  1154 | D:2      | Bought a scroll of fear for 52 gold pieces
  1277 | D:2      | Found Voefeb's Armour Shoppe.
  1288 | D:2      | Reached skill level 1 in Short Blades
  1288 | D:2      | Reached skill level 1 in Long Blades
  1288 | D:2      | Reached skill level 1 in Axes
  1288 | D:2      | Reached skill level 1 in Polearms
  1288 | D:2      | Reached skill level 1 in Staves
  1288 | D:2      | Reached skill level 1 in Ranged Weapons
  1288 | D:2      | Reached skill level 1 in Throwing
  1288 | D:2      | Reached skill level 1 in Armour
  1288 | D:2      | Reached skill level 1 in Stealth
  1288 | D:2      | Reached skill level 1 in Shields
  1288 | D:2      | Reached skill level 1 in Unarmed Combat
  1288 | D:2      | Reached skill level 1 in Evocations
  1549 | D:3      | Noticed Natasha
  1557 | D:3      | Killed Natasha
  1558 | D:3      | Reached XP level 4. HP: 25/38 MP: 8/11
  1664 | D:3      | Noticed Natasha
  1673 | D:3      | Killed Natasha
  1674 | D:3      | Reached skill level 1 in Hexes
  1674 | D:3      | Reached skill level 1 in Summonings
  1674 | D:3      | Reached skill level 1 in Necromancy
  1674 | D:3      | Reached skill level 1 in Translocations
  1674 | D:3      | Reached skill level 1 in Transmutations
  1674 | D:3      | Reached skill level 1 in Fire Magic
  1674 | D:3      | Reached skill level 1 in Ice Magic
  1674 | D:3      | Reached skill level 1 in Air Magic
  1674 | D:3      | Reached skill level 1 in Earth Magic
  1674 | D:3      | Reached skill level 1 in Poison Magic
  1733 | D:3      | Reached XP level 5. HP: 13/43 MP: 12/12
  1735 | D:3      | Slain by an orc

Illustrated notes

Levels and vault maps discovered:
D:1:      matt_arrival_diagonals, layout_loops_ring, minmay_tiny_reverse_x
D:2:      layout_basic, serial_shops, shop, shop, shop
D:3:      layout_basic, mainiacjoe_overflow_six_doors_small, amethyst_killhole,
          uniq_jessica, uniq_natasha
D:4:      minmay_clustersquares, layout_loops_ring,
          mainiacjoe_overflow_chevrons, mainiacjoe_overflow_alcove_4,
          minmay_between

Skill      XL: |  1  2  3  4 |
---------------+-------------+-----
Spellcasting   | 5 |  5.2
Invocations    | 1 |  1.6
Short Blades   | 1 |  1.4
Long Blades    | 1 |  1.4
Axes           | 1 |  1.4
Polearms       | 1 |  1.4
Staves         | 1 |  1.4
Ranged Weapons | 1 |  1.4
Throwing       | 1 |  1.4
Armour         | 1 |  1.4
Stealth        | 1 |  1.4
Shields        | 1 |  1.4
Unarmed Combat | 1 |  1.4
Evocations     | 1 |  1.4
Hexes          | 1 |  1.1
Summonings     | 1 |  1.1
Necromancy     | 1 |  1.1
Translocations | 1 |  1.1
Transmutations | 1 |  1.1
Fire Magic     | 1 |  1.1
Ice Magic      | 1 |  1.1
Air Magic      | 1 |  1.1
Earth Magic    | 1 |  1.1
Poison Magic   | 1 |  1.1
Fighting       | |  4.7
Maces & Flails | |  6.7
Dodging        | |  4.7
Conjurations   | |  5.5

Action                     |  1- 3 |  4- 6 || total
---------------------------+-------+-------++-------
  Melee: Dagger            |    99 |    19 ||   118
         Mace              |    10 |       ||    10
         Bite              |    10 |     3 ||    13
         Punch             |     2 |     1 ||     3
  Throw: Dart              |     7 |       ||     7
   Cast: Momentum Strike   |     1 |       ||     1
   Stab: Sleeping          |     1 |       ||     1
 Armour: Leather armour    |    37 |     4 ||    41
  Dodge: Dodged            |    91 |    13 ||   104
